 Dungeon Crawl Stone Soup version 0.28-a0-578-g717728bcc0 (webtiles) character file.

Game seed: 134966728418632204

1010 Conn the Firebug (level 8, -6/70 HPs)
             Began as an Octopode Fire Elementalist on Oct 2, 2021.
             Was an Initiate of Sif Muna.
             Mangled by Edmund (12 damage)
             ... on level 6 of the Dungeon.
             The game lasted 00:11:45 (6442 turns).

Conn the Firebug (Octopode Fire Elementalist)       Turns: 6442, Time: 00:11:46

Health: -6/70      AC:  1    Str:  7    XL:     8   Next: 21%
Magic:  4/16       EV: 13    Int: 20    God:    Sif Muna [......]
Gold:   280        SH:  0    Dex: 12    Spells: 4/17 levels left

rFire   . . .      SeeInvis .   f - +2 dagger (drain)
rCold   . . .      Faith    .   (no shield)
rNeg    + . .      Spirit   .   (helmet restricted)
rPois   .          Reflect  .   (no amulet)
rElec   .          Harm     .   i - ring of positive energy
rCorr   .          Rampage  .   (no ring)
Will    .....                   (no ring)
Stlth   ..........              (no ring)
HPRegen 0.21/turn               (no ring)
MPRegen 0.15/turn               (no ring)
                                (no ring)
                                (no ring)

@: mighty, berserking, very quick
A: almost no armour, amphibious, 8 rings, camouflage 1, gelatinous body 1,
(nimble swimmer 1), tentacles
a: Renounce Religion


You were on level 6 of the Dungeon.
You worshipped Sif Muna.
Sif Muna was noncommittal.
You visited 2 branches of the dungeon, and saw 7 of its levels.

You collected 280 gold pieces.

Inventory:

Hand Weapons
 e - a +0 dagger
 f - a +2 dagger of draining (weapon)
 g - a +1 dagger of speed
Jewellery
 i - a ring of positive energy (left tentacle)
Wands
 k - a wand of flame (21)
 l - a wand of iceblast (10)
 q - a wand of digging (5)
Scrolls
 a - a scroll of magic mapping
 d - 3 scrolls of enchant armour
 h - a scroll of amnesia
Potions
 c - 2 potions of attraction


   Skills:
 + Level 0.5 Fighting
 + Level 1.7 Short Blades
 + Level 2.7 Dodging
 + Level 4.4 Stealth
 + Level 5.3 Spellcasting
 + Level 3.5 Conjurations
 + Level 0.6 Hexes
 + Level 5.8 Fire Magic


You had 4 spell levels left.
You knew the following spells:

 Your Spells              Type           Power      Damage    Failure   Level
a - Foxfire               Conj/Fire      96%        2x1d8     1%          1
b - Conjure Flame         Conj/Fire      24%        6-21      4%          3
c - Inner Flame           Hex/Fire       18%        N/A       9%          3
d - Flame Wave            Conj/Fire      24%        3d6       16%         4
e - Scorch                Fire           56%        2d7       1%          2

Your spell library contained the following spells:

 Spells                   Type           Power      Damage    Failure   Level


Dungeon Overview and Level Annotations

Branches:
Dungeon (6/15)             Temple (1/1) D:4

Altars:
Ashenzari
Cheibriados
Dithmenos
Elyvilon
Fedhas
Gozag
Makhleb
Nemelex Xobeh
Qazlal
Ru
Sif Muna
Trog
Vehumet
Wu Jian
Xom
Yredelemnul
Zin

Shops:
D:5 !

Annotations:
D:2 1 runed translucent door, Crazy Yiuf
D:6 Edmund


Innate Abilities, Weirdness & Mutations

You cannot wear most types of armour.
You are amphibious.
You can wear up to eight rings at the same time.
Your skin changes colour to match your surroundings (Stealth+).
Your rubbery body absorbs attacks. (AC +1, EV +1)
((You are camouflaged near water. (Stealth+)))
You have tentacles for arms and can constrict up to eight enemies at once.


Message History

You hear a shout! x2
A centaur comes into view.
Found a knobbly opal ring.
The centaur wields a +0 shortbow.
The centaur shoots an arrow.
The arrow hits you!
* * * LOW HITPOINT WARNING * * *
An orc comes into view. It is wielding a +0 whip.
A scorpion comes into view.
Okay, then.
Okay, then.
As you read the scroll labelled UJAWOSMUAG, it crumbles to dust.
The scroll dissolves into smoke.
It was a scroll of fog.
You feel better.
This is a scroll of acquirement!
Something appears before you!
Edmund hits you with a +2 flail of protection!
* * * LOW HITPOINT WARNING * * *
It was a potion of might.
You feel very mighty all of a sudden.
Edmund hits you with a +2 flail of protection.
* * * LOW HITPOINT WARNING * * *
The orc misses you.
You feel better.
Edmund hits you with a +2 flail of protection!
* * * LOW HITPOINT WARNING * * *
The orc barely misses you.
Okay, then.
Okay, then.
Unknown command.
Unknown command.
Unknown command.
It was a potion of berserk rage.
A red film seems to cover your vision as you go berserk!
You feel yourself moving faster!
You feel mighty! Edmund misses you. The orc hits you with a +0 whip.
* * * LOW HITPOINT WARNING * * *
You puncture Edmund! You grab Edmund.
Edmund is severely wounded.
You constrict Edmund, but do no damage.
Edmund hits you with a +2 flail of protection!
You die...

########+##
#.........###
#.........'.#
##§§§......#.#
##o§§§).....#.#
#§#@@§......#.#
#.############.#
........#.......#
+o.......'.<.....#
c.........#......##
..#........#......+
.s.#........#......#
.= ##########......#
#.......###


You could see Edmund and an orc.

Vanquished Creatures
  A black bear (D:5)
  An ogre (D:5)
  A necrophage (D:4)
  2 phantoms (D:5)
  3 scorpions
  3 jellies
  Natasha (thrice) (D:4)
  A scorpion zombie (D:5)
  4 orc wizards
  3 adders
  A howler monkey skeleton (D:4)
  2 dart slugs
  4 worms
  9 orcs
  9 ball pythons
  4 bats
  7 endoplasms
  A giant cockroach (D:2)
  11 goblins
  5 hobgoblins
  3 jackals (D:4)
  4 quokkas
  3 frilled lizards
  11 kobolds
  14 rats
110 creatures vanquished.

Vanquished Creatures (collateral kills)
  4 foxfires
4 creatures vanquished.

Vanquished Creatures (others)
  417 foxfires
  A plant (D:2)
418 creatures vanquished.

Grand Total: 532 creatures vanquished

Notes
Turn   | Place    | Note
-------+----------+-------------------------------------------
     0 | D:1      | Conn the Octopode Fire Elementalist began the quest for the
                  | Orb.
     0 | D:1      | Reached XP level 1. HP: 11/11 MP: 3/3
     7 | D:1      | Found a faded altar of an unknown god.
   344 | D:1      | Reached XP level 2. HP: 14/17 MP: 1/5
  1262 | D:2      | Reached XP level 3. HP: 21/21 MP: 2/6
  1466 | D:2      | Found a sacrificial altar of Ru.
  2134 | D:2      | Found a runed translucent door.
  2135 | D:2      | Noticed Crazy Yiuf
  2321 | D:2      | Reached XP level 4. HP: 27/27 MP: 3/8
  2484 | D:2      | Learned a level 3 spell: Conjure Flame
  2488 | D:2      | Learned a level 3 spell: Inner Flame
  3287 | D:3      | Found a shimmering altar of Xom.
  3457 | D:4      | Reached XP level 5. HP: 31/31 MP: 2/9
  3562 | D:4      | Reached skill level 1 in Short Blades
  3771 | D:4      | Found a staircase to the Ecumenical Temple.
  3780 | Temple   | Entered the Ecumenical Temple
  3979 | D:4      | Reached XP level 6. HP: 36/36 MP: 3/11
  4182 | D:4      | Noticed Natasha
  4187 | D:4      | Killed Natasha
  4283 | D:4      | Noticed Natasha
  4287 | D:4      | Killed Natasha
  4333 | D:4      | Noticed Natasha
  4340 | D:4      | Killed Natasha
  4341 | D:4      | Reached skill level 5 in Fire Magic
  4794 | D:4      | Noticed a necrophage
  4803 | D:4      | Killed a necrophage
  4804 | D:4      | Reached XP level 7. HP: 25/41 MP: 0/13
  5223 | D:5      | Entered Level 5 of the Dungeon
  5423 | D:5      | Learned a level 4 spell: Flame Wave
  5426 | D:5      | Learned a level 2 spell: Scorch
  5482 | D:5      | Found Moladwea's Distillery.
  5489 | D:5      | Reached skill level 5 in Spellcasting
  5702 | D:5      | Found a shimmering blue altar of Sif Muna.
  5752 | D:5      | Became a worshipper of Sif Muna the Loreminder
  5812 | D:5      | Reached XP level 8. HP: 27/46 MP: 15/15
  6379 | D:6      | Noticed Edmund
  6438 | D:6      | Identified a scroll of acquirement
  6438 | D:6      | Acquired a +2 hat of willpower
  6442 | D:6      | Mangled by Edmund

Illustrated notes

Levels and vault maps discovered:
D:1:      amcnicky_arrival_double_pillar, layout_loops_cross,
          ebering_ecumenical_altar_ruins, chequers_serial_rivers_large_b
D:2:      layout_basic, serial_forest, infiniplex_forest_straight_1,
          infiniplex_forest_lined_2, infiniplex_forest_clump_tiny,
          infiniplex_forest_3_way, infiniplex_forest_clump_large,
          infiniplex_forest_lined_room_, infiniplex_forest_end_3,
          infiniplex_forest_clump_tiny, basic_altar, minmay_misc_feat_columns,
          uniq_crazy_yiuf_cottage
D:3:      layout_rooms, mainiacjoe_overflow_chevrons
D:4:      layout_basic, minmay_temple_entry_overgrown, minmay_goblin_outpost,
          uniq_natasha
D:5:      layout_loops_ring, mainiacjoe_overflow_cross_hatched, serial_shops,
          nicolae_shop_statue_plus
D:6:      layout_basic, uniq_edmund
Temple:   bh_familiar_temple

Skill      XL: |  1  2  3  4  5  6  7 |
---------------+----------------------+-----
Spellcasting   | 3 4 5 |  5.3
Stealth        | 3 4 |  4.4
Conjurations   | 2 3 |  3.5
Short Blades   | 1 |  1.7
Fire Magic     | 4 5 |  5.8
Fighting       | |  0.5
Dodging        | |  2.7
Hexes          | |  0.6

Action                   |  1- 3 |  4- 6 |  7- 9 || total
-------------------------+-------+-------+-------++-------
Melee: Unarmed           |     6 |       |       ||     6
       Constrict         |     4 |     9 |     3 ||    16
       Dagger            |     7 |    24 |    20 ||    51
       Tentacles         |     2 |     2 |     4 ||     8
 Cast: Foxfire           |    65 |   131 |    42 ||   238
       Inner Flame       |       |     1 |     5 ||     6
       Conjure Flame     |       |       |     2 ||     2
       Flame Wave        |       |       |     1 ||     1
Evoke: Wand              |       |       |     1 ||     1
  Use: Scroll            |       |     3 |     5 ||     8
       Potion            |       |       |     5 ||     5
 Stab: Sleeping          |       |     1 |     2 ||     3
Armor: Skin              |     3 |     4 |     3 ||    10
Dodge: Dodged            |    26 |    14 |    18 ||    58

Table legend: (Time is in decaauts)
 A = Elapsed time spent in this place.
 B = Non-inter-level travel time spent in this place.
 C = Inter-level travel time spent in this place.
 D = Time resting spent in this place.
 E = Time spent auto-exploring this place.
 F = Levels seen in this place.
 G = Mean time per level.
                   A        B        C        D        E       F      G
               +--------+--------+--------+--------+--------+-----+--------+
         Total |   6435 |   6299 |    136 |     93 |   5161 |   7 |  919.3 |
       Dungeon |   6244 |   6121 |    123 |     93 |   4988 |   6 | 1040.7 |
        Temple |    190 |    177 |     13 |      0 |    173 |   1 |  190.0 |
               +--------+--------+--------+--------+--------+-----+--------+

Top non-repeatable levels by time:
     D:4: 1690 daAuts
     D:2: 1266 daAuts
     D:1: 1257 daAuts
     D:5: 1044 daAuts
     D:3: 913 daAuts
  Temple: 190 daAuts
     D:6: 72 daAuts
